 Dungeon Crawl Stone Soup version 0.30-a0-187-gd9c2deaf24 (webtiles) character file.

Game seed: 6174256506250322912

15 sleeves the Vexing (level 2, -1/23 HPs)
             Began as a Meteoran Hexslinger on Oct 3, 2022.
             Succumbed to Sigmund's poison
             ... on level 1 of the Dungeon.
             The game lasted 00:02:27 (272 turns).

sleeves the Vexing (Meteoran Hexslinger)             Turns: 272, Time: 00:02:27

Health: -1/23      AC:  2    Str: 10 (11) XL:     2   Next: 88%
Magic:  5/5        EV: 12    Int: 13 (14) God:
Gold:   17         SH:  0    Dex: 13 (14) Spells: 2/3 levels left

rFire   + . .      SeeInvis .    a - +1 sling
rCold   + . .      Faith    .    (no shield)
rNeg    . . .      Spirit   .    c - +0 robe
rPois   +          Reflect  .    (no helmet)
rElec   +          Harm     .    (no cloak)
rCorr   +          Rampage  .    (no gloves)
Will    .....                    (no boots)
Stlth   +.........               (no amulet)
HPRegen 0.23/turn                (no ring)
MPRegen 0.09/turn                (no ring)

@: brilliant, lethally poisoned (-1 -> -6), resistant, glowing
A: sense surroundings 1, otherworldly, glowing, explore regen
a: no special abilities


You were on level 1 of the Dungeon.
You visited 1 branch of the dungeon, and saw 2 of its levels.

You collected 17 gold pieces.

Inventory:

Hand Weapons
 a - a +1 sling (weapon)
 g - a +0 dagger of venom
   (You took it off a goblin on level 1 of the Dungeon)
Missiles
 e - 5 javelins
Armour
 c - a +0 robe (worn)
Scrolls
 b - a scroll of poison
 j - a scroll of magic mapping {unknown}


   Skills:
 - Level 1.1 Fighting
 + Level 3.3 Ranged Weapons
 - Level 2.4 Dodging
 - Level 1.3 Spellcasting
 - Level 3.6 Hexes


You had 2 spell levels left.
You knew the following spells:

 Your Spells              Type           Power      Damage    Failure   Level
a - Slow                  Hex            60%        N/A       6%          1

Your spell library contained the following spells:

 Spells                   Type           Power      Damage    Failure   Level
 Inner Flame              Hex/Fire       8%         N/A       36%         3
 Portal Projectile        Hex/Tloc       16%        N/A       36%         3
 Cause Fear               Hex            7%         N/A       52%         4


Dungeon Overview and Level Annotations

Branches:
Dungeon (2/15) Zot: 918

Altars:

Annotations:
D:1 exclusion: downstairs
D:2 Sigmund


Innate Abilities, Weirdness & Mutations

You passively map a small area around you.
You are easily found by Zot.
You glow in the dark.
You regain HP and MP as you explore.


Message History

Welcome, sleeves the Meteoran Hexslinger.
The Orb of Zot is coveted for many reasons.
Will you seize it for your own?
Press ? for a list of commands and other information.
Found a staircase leading out of the dungeon.
Okay, then.
As you open the door, it creaks loudly!
There is an open door here.
A bat comes into view.
The bat moves out of view.
A ball python comes into view.
There are monsters nearby!
There are monsters nearby!
You shoot a sling bullet. The sling bullet hits the ball python.
The ball python is severely wounded.
You shoot a sling bullet.
The sling bullet closely misses the ball python.
The bat hits you but does no damage.
You shoot a sling bullet. The sling bullet hits the bat.
You kill the bat!
You shoot a sling bullet. The sling bullet hits the ball python.
You kill the ball python!
You open the door.
There is an open door here.
You open the door.
There is an open door here.
You open the door.
A goblin comes into view. It is wielding a +0 dagger.
The goblin shouts!
A goblin is nearby!
Fire: a) +1 sling
Press: ? - help, Q - select action, (/) - cycle Shift-Dir - straight line, f - goblin
Aim: a goblin, wielding a +0 dagger (50% to hit)
You shoot a sling bullet.
The sling bullet closely misses the goblin.
Fire: a) +1 sling
Press: ? - help, Q - select action, (/) - cycle Shift-Dir - straight line, f/p - goblin
Aim: a goblin, wielding a +0 dagger (50% to hit)
You shoot a sling bullet. The sling bullet hits the goblin!
You kill the goblin!
Found a hand axe.
There is an open door here.
Things that are here:
a +0 dagger; a goblin corpse
d - a +0 dagger An endoplasm comes into view.
Fire: a) +1 sling
Press: ? - help, Q - select action, (/) - cycle Shift-Dir - straight line, f - endoplasm
Aim: an endoplasm (asleep, 98% to hit)
You shoot a sling bullet. The sling bullet hits the endoplasm.
The endoplasm quivers.
The endoplasm is lightly wounded.
Fire: a) +1 sling
Press: ? - help, Q - select action, (/) - cycle Shift-Dir - straight line, f/p - endoplasm
Aim: an endoplasm (lightly wounded, 85% to hit)
You shoot a sling bullet. The sling bullet hits the endoplasm!
You kill the endoplasm!
You have reached level 2!
Found a stone staircase leading down.
There is a stone staircase leading down here.
You climb downwards.
Found 5 javelins and 7 stones.
There is a stone staircase leading up here.
Casting: Slow (safe; 6% risk of failure)
Confirm with . or Enter, or press ? or * to list all spells.
Aiming: Slow (safe; 6% risk of failure)
Press: ? - help, Shift-Dir - straight line, f - endoplasm
Aim: an endoplasm (chance to affect: 67%)
The endoplasm seems to slow down.
Fire: a) +1 sling
Press: ? - help, Q - select action, (/) - cycle Shift-Dir - straight line, f/p - endoplasm
Aim: an endoplasm (slow, 85% to hit)
You shoot a sling bullet. The sling bullet hits the endoplasm!
You kill the endoplasm!
Found a golden potion.
You see here 5 javelins.
e - 5 javelins
f - a golden potion
There are no items here.
There is a stone staircase leading up here.
You climb upwards.
There is a stone staircase leading down here.
A quokka comes into view.
The quokka moves out of view.
Found a fizzy coppery potion.
Fire: a) +1 sling
Press: ? - help, Q - select action, (/) - cycle Shift-Dir - straight line, f - quokka
Aim: a quokka (46% to hit)
Okay, then.
Casting: Slow (safe; 6% risk of failure)
Confirm with . or Enter, or press ? or * to list all spells.
Aiming: Slow (safe; 6% risk of failure)
Press: ? - help, Shift-Dir - straight line, f - quokka
Aim: a quokka (chance to affect: 67%)
The quokka struggles to resist.
Fire: a) +1 sling
Press: ? - help, Q - select action, (/) - cycle Shift-Dir - straight line, f/p - quokka
Aim: a quokka (46% to hit)
Okay, then.
Casting: Slow (safe; 6% risk of failure)
Confirm with . or Enter, or press ? or * to list all spells.
Aiming: Slow (safe; 6% risk of failure)
Press: ? - help, Shift-Dir - straight line, f/p - quokka
Aim: a quokka (chance to affect: 67%)
The quokka seems to slow down.
The quokka bites you.
Fire: a) +1 sling
Press: ? - help, Q - select action, (/) - cycle Shift-Dir - straight line, f/p - quokka
Aim: a quokka (slow, 46% to hit)
You shoot a sling bullet. The sling bullet hits the quokka.
The quokka is heavily wounded.
The quokka closely misses you.
Fire: a) +1 sling
Press: ? - help, Q - select action, (/) - cycle Shift-Dir - straight line, f/p - quokka
Aim: a quokka (heavily wounded, slow, 46% to hit)
You shoot a sling bullet.
The sling bullet hits the quokka but does no damage.
The quokka is heavily wounded.
The quokka barely misses you.
Fire: a) +1 sling
Press: ? - help, Q - select action, (/) - cycle Shift-Dir - straight line, f/p - quokka
Aim: a quokka (heavily wounded, slow, 46% to hit)
You shoot a sling bullet. The sling bullet misses the quokka.
The quokka bites you.
Fire: a) +1 sling
Press: ? - help, Q - select action, (/) - cycle Shift-Dir - straight line, f/p - quokka
Aim: a quokka (heavily wounded, slow, 46% to hit)
You shoot a sling bullet.
The sling bullet closely misses the quokka.
The quokka bites you.
Fire: a) +1 sling
Press: ? - help, Q - select action, (/) - cycle Shift-Dir - straight line, f/p - quokka
Aim: a quokka (heavily wounded, slow, 46% to hit)
You shoot a sling bullet. The sling bullet misses the quokka.
The quokka barely misses you.
Fire: a) +1 sling
Press: ? - help, Q - select action, (/) - cycle Shift-Dir - straight line, f/p - quokka
Aim: a quokka (heavily wounded, slow, 46% to hit)
You shoot a sling bullet.
The sling bullet closely misses the quokka.
The quokka closely misses you.
Fire: a) +1 sling
Press: ? - help, Q - select action, (/) - cycle Shift-Dir - straight line, f/p - quokka
Aim: a quokka (heavily wounded, slow, 46% to hit)
You shoot a sling bullet. The sling bullet misses the quokka.
The quokka bites you.
Fire: a) +1 sling
Press: ? - help, Q - select action, (/) - cycle Shift-Dir - straight line, f/p - quokka
Aim: a quokka (heavily wounded, slow, 46% to hit)
You shoot a sling bullet.
The sling bullet barely misses the quokka.
The quokka barely misses you.
Fire: a) +1 sling
Press: ? - help, Q - select action, (/) - cycle Shift-Dir - straight line, f/p - quokka
Aim: a quokka (heavily wounded, slow, 46% to hit)
You shoot a sling bullet. The sling bullet hits the quokka.
You kill the quokka!
Your Ranged Weapons skill increases to level 3!
A bat comes into view.
You shoot a sling bullet.
The sling bullet closely misses the bat.
You hear a shout!
The bat hits you but does no damage. The bat barely misses you.
The bat hits you but does no damage.
Fire: a) +1 sling
Press: ? - help, Q - select action, (/) - cycle Shift-Dir - straight line, f/p - bat
Aim: a bat (42% to hit)
You shoot a sling bullet.
The sling bullet completely misses the bat.
The bat barely misses you. The bat hits you but does no damage.
A goblin comes into view. It is wielding a +0 dagger of venom.
Fire: a) +1 sling
Press: ? - help, Q - select action, (/) - cycle Shift-Dir - straight line, f/p - bat
Aim: a bat (42% to hit)
You shoot a sling bullet. The sling bullet hits the bat.
The bat is moderately wounded.
The bat hits you but does no damage. The bat hits you.
Fire: a) +1 sling
Press: ? - help, Q - select action, (/) - cycle Shift-Dir - straight line, f/p - bat
Aim: a bat (moderately wounded, 42% to hit)
You shoot a sling bullet. The sling bullet hits the bat.
You kill the bat!
Fire: a) +1 sling
Press: ? - help, Q - select action, (/) - cycle Shift-Dir - straight line, f - goblin
Aim: a goblin, wielding a +0 dagger of venom (50% to hit)
You shoot a sling bullet.
The sling bullet closely misses the goblin.
Fire: a) +1 sling
Press: ? - help, Q - select action, (/) - cycle Shift-Dir - straight line, f/p - goblin
Aim: a goblin, wielding a +0 dagger of venom (50% to hit)
You shoot a sling bullet.
The sling bullet closely misses the goblin.
The goblin barely misses you. The goblin hits you but does no damage.
You are poisoned.
Unknown command.
Casting: Slow (safe; 6% risk of failure)
Confirm with . or Enter, or press ? or * to list all spells.
Aiming: Slow (safe; 6% risk of failure)
Press: ? - help, Shift-Dir - straight line, f/p - goblin
Aim: a goblin, wielding a +0 dagger of venom (chance to affect: 67%)
You miscast Slow.
You are very lightly contaminated with residual magic.
Nothing appears to happen.
You feel sick. The goblin closely misses you.
Casting: Slow (safe; 6% risk of failure)
Confirm with . or Enter, or press ? or * to list all spells.
Aiming: Slow (safe; 6% risk of failure)
Press: ? - help, Shift-Dir - straight line, f/p - goblin
Aim: a goblin, wielding a +0 dagger of venom (chance to affect: 67%)
The goblin struggles to resist.
You feel sick. The goblin misses you.
Casting: Slow (safe; 6% risk of failure)
Confirm with . or Enter, or press ? or * to list all spells.
Aiming: Slow (safe; 6% risk of failure)
Press: ? - help, Shift-Dir - straight line, f/p - goblin
Aim: a goblin, wielding a +0 dagger of venom (chance to affect: 67%)
The goblin seems to slow down.
You feel sick.
You feel sick.
You feel sick.
You are no longer poisoned.
Your magical contamination has completely faded away.
Fire: a) +1 sling
Press: ? - help, Q - select action, (/) - cycle Shift-Dir - straight line, f/p - goblin
Aim: a goblin, wielding a +0 dagger of venom (slow, 50% to hit)
You shoot a sling bullet.
The sling bullet closely misses the goblin.
The goblin is no longer moving slowly.
Fire: a) +1 sling
Press: ? - help, Q - select action, (/) - cycle Shift-Dir - straight line, f/p - goblin
Aim: a goblin, wielding a +0 dagger of venom (50% to hit)
You shoot a sling bullet. The sling bullet hits the goblin.
You kill the goblin!
You see here a +0 dagger of venom.
g - a +0 dagger of venom You drop a +0 dagger.
d - a fizzy coppery potion You see here a bat corpse.
Found a lumpy orange potion.
h - a lumpy orange potion A rat comes into view.
You shoot a sling bullet. The sling bullet hits the rat.
The rat is heavily wounded.
The rat closely misses you.
You shoot a sling bullet. The sling bullet hits the rat!
You kill the rat!
Found 7 stones.
A kobold comes into view. It is wielding a +0 short sword.
The kobold shouts!
Fire: a) +1 sling
Press: ? - help, Q - select action, (/) - cycle Shift-Dir - straight line, f - kobold
Aim: a kobold, wielding a +0 short sword (50% to hit)
You shoot a sling bullet. The sling bullet hits the kobold.
You kill the kobold!
A quokka comes into view.
Fire: a) +1 sling
Press: ? - help, Q - select action, (/) - cycle Shift-Dir - straight line, f - quokka
Aim: a quokka (46% to hit)
You shoot a sling bullet.
The sling bullet barely misses the quokka.
Casting: Slow (safe; 6% risk of failure)
Confirm with . or Enter, or press ? or * to list all spells.
Aiming: Slow (safe; 6% risk of failure)
Press: ? - help, Shift-Dir - straight line, f/p - quokka
Aim: a quokka (chance to affect: 67%)
The quokka seems to slow down.
The quokka misses you.
Fire: a) +1 sling
Press: ? - help, Q - select action, (/) - cycle Shift-Dir - straight line, f/p - quokka
Aim: a quokka (slow, 46% to hit)
You shoot a sling bullet.
The sling bullet closely misses the quokka.
The quokka bites you but does no damage.
Fire: a) +1 sling
Press: ? - help, Q - select action, (/) - cycle Shift-Dir - straight line, f/p - quokka
Aim: a quokka (slow, 46% to hit)
You shoot a sling bullet.
The sling bullet completely misses the quokka.
The quokka bites you.
Fire: a) +1 sling
Press: ? - help, Q - select action, (/) - cycle Shift-Dir - straight line, f/p - quokka
Aim: a quokka (slow, 46% to hit)
You shoot a sling bullet. The sling bullet hits the quokka.
The quokka is severely wounded.
The quokka bites you but does no damage.
Fire: a) +1 sling
Press: ? - help, Q - select action, (/) - cycle Shift-Dir - straight line, f/p - quokka
Aim: a quokka (severely wounded, slow, 46% to hit)
You shoot a sling bullet.
The sling bullet closely misses the quokka.
The quokka misses you.
Fire: a) +1 sling
Press: ? - help, Q - select action, (/) - cycle Shift-Dir - straight line, f/p - quokka
Aim: a quokka (severely wounded, slow, 46% to hit)
You shoot a sling bullet.
The sling bullet closely misses the quokka.
The quokka barely misses you.
Fire: a) +1 sling
Press: ? - help, Q - select action, (/) - cycle Shift-Dir - straight line, f/p - quokka
Aim: a quokka (severely wounded, slow, 46% to hit)
You shoot a sling bullet. The sling bullet hits the quokka.
You kill the quokka!
Unknown command.
Unknown command.
You see here 7 stones.
You open the door.
A hobgoblin comes into view.
The hobgoblin shouts!
Found a sling, 17 gold pieces and a scroll labelled ULIATH CAAGG.
Fire: a) +1 sling
Press: ? - help, Q - select action, (/) - cycle Shift-Dir - straight line, f - hobgoblin
Aim: a hobgoblin (57% to hit)
You shoot a sling bullet. The sling bullet hits the hobgoblin.
You kill the hobgoblin!
Fire: a) +1 sling
Press: ? - help, Q - select action, (/) - cycle Shift-Dir - straight line, f - you Really target yourself?
Okay, then.
There is an open door here.
i - a scroll labelled ULIATH CAAGG
Things that are here:
a +0 sling; a hobgoblin corpse You now have 17 gold pieces.
You open the door.
Found a scroll labelled SYOBRE YNULAN.
There is an open door here.
j - a scroll labelled SYOBRE YNULAN A frilled lizard comes into view.
Found a stone staircase leading down.
The frilled lizard hisses angrily.
Fire: a) +1 sling
Press: ? - help, Q - select action, (/) - cycle Shift-Dir - straight line, f - frilled lizard
Aim: a frilled lizard (38% to hit)
You shoot a sling bullet.
The sling bullet misses the frilled lizard.
Fire: a) +1 sling
Press: ? - help, Q - select action, (/) - cycle Shift-Dir - straight line, f/p - frilled lizard
Aim: a frilled lizard (38% to hit)
You shoot a sling bullet.
The sling bullet hits the frilled lizard!
You kill the frilled lizard!
Fire: a) +1 sling
Press: ? - help, Q - select action, (/) - cycle Shift-Dir - straight line, f - you Really target yourself?
Okay, then.
There is a stone staircase leading down here.
You climb downwards.
Sigmund shouts!
You hear a shout!
Found a sling.
There is a stone staircase leading up here.
Sigmund hits you from afar with a +2 scythe of venom!
Ouch! That really hurt!
* * * LOW HITPOINT WARNING * * *
You are lethally poisoned!
You climb upwards.
* * * LOW HITPOINT WARNING * * *
You feel very sick.
There is a stone staircase leading down here.
It was a potion of resistance.
You feel protected.
* * * LOW HITPOINT WARNING * * *
You feel very sick.
It was a potion of degeneration.
There was something very wrong with that liquid.
You feel weakened.
You feel dopey.
You feel clumsy.
* * * LOW HITPOINT WARNING * * *
You feel sick.
It was a potion of brilliance.
You feel clever all of a sudden.
* * * LOW HITPOINT WARNING * * *
You feel sick.
As you read the scroll labelled ULIATH CAAGG, it crumbles to dust.
The air around you briefly surges with heat, but it dissipates.
It was a scroll of immolation.
You die...

# *### #. , ,,..# * ##.## *
#.# , .....## #.#
......##.######## ,
#.............#
#......######.# ** ,#...@#.#
#.# #. .., #........# #.#
#..#.#* ###.#.#### #.#
#..#.### ##.#.* #.### #..#...
..#+## #...# #.....## ##...##
###.# * ....., ##.....##
###.# *##..# *##.......##
##.#.#
####...####...).....####....#


There were no monsters in sight!

Vanquished Creatures
  A ball python (D:1)
  2 endoplasms
  2 goblins (D:1)
  A hobgoblin (D:1)
  A kobold (D:1)
  2 quokkas (D:1)
  2 bats (D:1)
  A frilled lizard (D:1)
  A rat (D:1)
13 creatures vanquished.

Notes
Turn   | Place    | Note
-------+----------+-------------------------------------------
     0 | D:1      | sleeves the Meteoran Hexslinger began the quest for the
                  | Orb.
     0 | D:1      | Reached XP level 1. HP: 16/16 MP: 3/3
    71 | D:1      | Reached XP level 2. HP: 23/23 MP: 5/5
   119 | D:1      | Reached skill level 3 in Ranged Weapons
   266 | D:2      | Noticed Sigmund
   267 | D:2      | HP: 11/23 [Sigmund/+2 scythe of venom (12)]
   269 | D:1      | HP: 3/23 [poisoned by Sigmund]
   270 | D:1      | HP: 1/23 [poisoned by Sigmund]
   272 | D:1      | Succumbed to Sigmund's poison

Illustrated notes

Levels and vault maps discovered:
D:1:      lemuel_arrival_behind_the_door_small, layout_loops_corners
D:2:      layout_basic, uniq_sigmund

Skill      XL: |  1  2 |
---------------+-------+-----
Ranged Weapons | 3 |  3.3
Fighting       | |  1.1
Dodging        | |  2.4
Spellcasting   | |  1.3
Hexes          | |  3.6

Action                   || total
-------------------------++-------
 Fire: Sling             ||    39
 Cast: Slow              ||     6
  Use: Potion            ||     3
       Scroll            ||     1
Armor: Robe              ||     8
Dodge: Dodged            ||    14

Table legend: (Time is in decaauts)
 A = Elapsed time spent in this place.
 B = Non-inter-level travel time spent in this place.
 C = Inter-level travel time spent in this place.
 D = Time resting spent in this place.
 E = Time spent auto-exploring this place.
 F = Levels seen in this place.
 G = Mean time per level.
                   A        B        C        D        E       F      G
               +--------+--------+--------+--------+--------+-----+--------+
         Total |    281 |    281 |      0 |      0 |      9 |   2 |  140.5 |
       Dungeon |    281 |    281 |      0 |      0 |      9 |   2 |  140.5 |
               +--------+--------+--------+--------+--------+-----+--------+

Top non-repeatable levels by time:
     D:1: 256 daAuts
     D:2: 25 daAuts
